AoeStats
← jeff224171

Arabia

510097310Analyzed
1v1 RM · 23h ago on Sep 29, 2026· 44m 30s· 2 players
Game mode
Random Map
Map size
Tiny (2 player)
Population
200
Speed
Normal
Resources
Standard
Victory
Conquest
Starting age
Dark Age
Ending age
Imperial Age
RankedLock teamsTeams togetherTeam positionsShared explorationLock speedFull tech treeHidden civsTurbo modeCheats
Victory
Defeat
🇹🇼 Tatars · Taiwan
1340
+15
🇳🇱 Spanish · Netherlands
1320
-15
mathijs
6:07 Loom
8:53 Feudal Age
9:28 Double-Bit Axe
12:59 Horse Collar
17:49 Gold Mining
17:53 Stone Mining
21:51 Castle Age
21:27 Wheelbarrow
20:58 Padded Archer Armor
21:13 Bloodlines
23:07 Bow Saw
24:12 Leather Archer Armor
23:59 Husbandry
26:18 Fletching
33:17 Bodkin Arrow
35:08 Hand Cart
36:22 Guard Tower
37:31 Heavy Plow
40:46 Imperial Age
38:52 Ballistics
38:34 Elite Skirmisher
39:40 Scale Barding Armor
41:04 Chain Barding Armor
42:01 Ring Archer Armor
41:53 Conscription
42:05 Supremacy
41:09 Cavalier
41:54 Bracer
jeff224171
6:16 Loom
9:02 Feudal Age
9:32 Double-Bit Axe
9:52 Horse Collar
20:25 Castle Age
19:00 Gold Mining
19:04 Fletching
19:16 Padded Archer Armor
21:19 Bloodlines
22:01 Wheelbarrow
21:44 Bodkin Arrow
22:00 Bow Saw
23:48 Stone Mining
24:33 Leather Archer Armor
25:54 Wheelbarrow
26:20 Gold Shaft Mining
25:53 Town Watch
26:56 Ballistics
27:29 Heavy Plow
32:10 Husbandry
34:21 Light Cavalry
38:08 Imperial Age
36:33 Scale Barding Armor
36:38 Forging
36:58 Forging
39:22 Bracer
39:31 Murder Holes
40:47 Ring Archer Armor
40:33 Silk Armor
41:21 Treadmill Crane
42:02 Siege Engineers
43:03 Chain Barding Armor
44:37 Plate Barding Armor
Connection lost

Rejoining the realm…

Still unreachable

The connection could not be restored.

Session expired

The server has moved on; the page needs a fresh start.